 Dungeon Crawl Stone Soup version 0.29.0-13-gc9e81de378 (webtiles) character file.

Game seed: 125273606459091482

322 LucemDeus the Conjurer (level 6, -10/32 HPs)
             Began as a Deep Elf Conjurer on Sept 10, 2022.
             Mangled by a yak (13 damage)
             ... on level 6 of the Dungeon.
             The game lasted 00:10:16 (4454 turns).

LucemDeus the Conjurer (Deep Elf Conjurer)          Turns: 4454, Time: 00:10:17

Health: -10/32     AC:  8    Str: 10    XL:     6   Next: 22%
Magic:  4/15       EV: 13    Int: 25    God:
Gold:   177        SH:  0    Dex: 13    Spells: 12/15 levels left

rFire   . . .      SeeInvis .   h - +3 dagger (protect)
rCold   . . .      Faith    .   (no shield)
rNeg    . . .      Spirit   .   a - +0 robe
rPois   .          Reflect  .   m - +0 helmet
rElec   .          Harm     .   n - +0 cloak
rCorr   .          Rampage  .   (no gloves)
Will    .....                   (no boots)
Stlth   +++.......              (no amulet)
HPRegen 0.10/turn               g - +4 ring of protection
MPRegen 0.14/turn               o - +6 ring of strength

@: no status effects
A: no striking features
a: no special abilities


You were on level 6 of the Dungeon.
You visited 1 branch of the dungeon, and saw 6 of its levels.

You collected 177 gold pieces.

Inventory:

Hand Weapons
 h - a +3 dagger of protection (weapon)
Armour
 a - a +0 robe (worn)
 m - a +0 helmet (worn)
 n - a +0 cloak (worn)
Jewellery
 g - a +4 ring of protection (left hand)
 o - a +6 ring of strength (right hand)
Wands
 i - a wand of roots (14)
Scrolls
 j - a scroll of amnesia
Potions
 b - a potion of magic
 c - a potion of might
 d - a potion of heal wounds
 e - a potion of brilliance {unknown}
 f - a potion of invisibility {unknown}
 k - a potion of degeneration {unknown}
 l - a potion of attraction {unknown}


   Skills:
 + Level 4.2 Dodging
 + Level 4.6 Stealth
 * Level 5.2 Spellcasting
 * Level 5.6 Conjurations
 + Level 1.1 Hexes


You had 12 spell levels left.
You knew the following spells:

 Your Spells              Type           Power      Damage    Failure   Level
a - Magic Dart            Conj           100%       1d8       1%          1
b - Searing Ray           Conj           68%        2d6       1%          2

Your spell library contained the following spells:

 Spells                   Type           Power      Damage    Failure   Level
 Dazzling Flash           Conj/Hex       46%        N/A       6%          3
 Sting                    Tmut/Pois      24%        1d4       9%          1
 Poisonous Vapours        Pois/Air       12%        N/A       12%         2
 Scorch                   Fire           12%        2d5       12%         2
 Fulminant Prism          Conj/Hex       11%        3d9       21%         4
 Ozocubu's Armour         Ice            6%         N/A       24%         3
 Flame Wave               Conj/Fire      20%        2d7       26%         4
 Iskenderun's Mystic Bla  Conj/Tloc      20%        2d6       26%         4
 Olgreb's Toxic Radiance  Pois           6%         N/A       63%         4
 Summon Cactus Giant      Summ           3%         N/A       100%        6
 Ozocubu's Refrigeration  Ice            3%         4d8       100%        7


Dungeon Overview and Level Annotations

Branches:
Dungeon (7/15)
 Temple: D:4-7

Altars:
Trog
The Shining One

Shops:
D:3 =


Message History

The puff of frost hits you!
The magic dart hits the white imp but does no damage.
The white imp is heavily wounded.
The magic dart hits the white imp.
The white imp is severely wounded.
The white imp barely misses you.
The magic dart hits the white imp.
The white imp is almost dead.
The white imp gestures at you. The puff of frost misses you.
The magic dart hits the white imp.
You kill the white imp!
The magic dart hits the yak.
The yak is lightly wounded.
The yak gores you!
You are too injured to fight recklessly!
You are too injured to fight recklessly!
You are too injured to fight recklessly!
You are too injured to fight recklessly!
Casting: Magic Dart (safe; 1% risk of failure)
Confirm with . or Enter, or press ? or * to list all spells.
Aiming: Searing Ray (safe; 1% risk of failure)
Press: ? - help, Shift-Dir - straight line, f/p - yak
Aim: a yak (lightly wounded, 88% to hit)
The searing ray hits the yak!
The yak is moderately wounded. (Press . to maintain the ray.)
The yak barely misses you.
The searing ray hits the yak.
The yak is moderately wounded.
The yak gores you!
* * * LOW HITPOINT WARNING * * *
The searing ray hits the yak.
The yak is heavily wounded.
The yak gores you but does no damage.
The searing ray hits the yak.
The yak is heavily wounded.
You finish channelling your searing ray.
The yak gores you!
You die...

###_###
#..#.#...#.#
### #y
##Y#.#..##.# #y
#5......#.# #y
#.#.#...#.# #.
#.#.#...#.#####
#h
#.#.#....>.....
#.
#.#.####..#####
#.#####.#.#
#..#
#...@Y..#.#
#..#
#########.#
#..# #..# #..#
#..# #..# #..#
#..#


You could see a yak.

Vanquished Creatures
  A phantom (D:2)
  An orc priest (D:7)
  An orc wizard (D:6)
  5 gnolls
  3 adders
  2 white imps
  An ufetubus (D:4)
  A worm (D:2)
  A dart slug (D:3)
  2 orcs (D:7)
  8 ball pythons
  11 endoplasms
  3 giant cockroaches
  5 goblins
  10 hobgoblins
  8 jackals
  7 quokkas
  A bat (D:1)
  4 frilled lizards
  8 kobolds
  3 rats
86 creatures vanquished.

Vanquished Creatures (others)
  A fungus (D:7)
1 creature vanquished.

Grand Total: 87 creatures vanquished

Notes
Turn   | Place    | Note
-------+----------+-------------------------------------------
     0 | D:1      | LucemDeus the Deep Elf Conjurer began the quest for the
                  | Orb.
     0 | D:1      | Reached XP level 1. HP: 10/10 MP: 6/6
   286 | D:1      | Reached XP level 2. HP: 15/15 MP: 6/8
   444 | D:1      | Found a faded altar of an unknown god.
  1482 | D:2      | Reached XP level 3. HP: 19/19 MP: 8/10
  1803 | D:2      | Reached XP level 4. HP: 23/24 MP: 8/12
  1948 | D:2      | Noticed a phantom
  1959 | D:2      | Killed a phantom
  1960 | D:2      | Reached skill level 5 in Conjurations
  1960 | D:2      | Reached XP level 5. HP: 18/28 MP: 2/13
  2808 | D:3      | Learned a level 2 spell: Searing Ray
  2829 | D:3      | Found Rariham's Jewellery Shop.
  3264 | D:3      | Found a bloodstained altar of Trog.
  3768 | D:4      | You fall into a shaft and drop 3 floors!
  3769 | D:7      | Noticed a water moccasin
  4036 | D:7      | Reached skill level 5 in Spellcasting
  4036 | D:7      | Reached XP level 6. HP: 6/32 MP: 5/15
  4380 | D:6      | Found a glowing golden altar of the Shining One.
  4404 | D:6      | Noticed a yak
  4405 | D:6      | Reached skill level 1 in Hexes
  4454 | D:6      | Mangled by a yak

Illustrated notes

Levels and vault maps discovered:
D:1:      psy_arrival_radial02, layout_basic,
          ebering_ecumenical_altar_sacrificial
D:2:      layout_rooms, serial_aquarium, aquarium_bridge_straight
          [aquarium_subvault_bridge, aquarium_subvault_wall,
          aquarium_subvault_bridge, aquarium_subvault_window],
          aquarium_window_1, aquarium_window_1, aquarium_window_fake,
          aquarium_view_2b, aquarium_view_4, kennysheep_generic_room_6
D:3:      minmay_general_purpose_star, layout_loops_ring, trog_hazing_becter,
          serial_shops, nicolae_diamond_shop
D:4:      layout_loops_cross, gammafunk_temple_overflow_forgotten,
          minmay_temple_entry_arrows, minmay_crystal_water
D:6:      layout_basic, tso_altar, kennysheep_little_box, grunt_tough_drop
D:7:      layout_gridville, lemuel_round_altar, uniq_crazy_yiuf_cottage,
          uniq_pikel

Skill      XL: |  1  2  3  4  5  6 |
---------------+-------------------+-----
Stealth        | 3 4 |  4.6
Dodging        | 3 4 |  4.2
Spellcasting   | 4 5 |  5.2
Conjurations   | 5 |  5.6
Hexes          | 1 |  1.1

Action                   |  1- 3 |  4- 6 || total
-------------------------+-------+-------++-------
Melee: Dagger            |     2 |       ||     2
 Cast: Magic Dart        |    81 |   121 ||   202
       Searing Ray       |       |     1 ||     1
  Use: Scroll            |     3 |     7 ||    10
Armor: Robe              |     3 |     5 ||     8
Dodge: Dodged            |    12 |    15 ||    27
